 Dungeon Crawl Stone Soup version 0.30-a0-4-ga7cffc901d (webtiles) character file.

Game seed: 12648528369638280109

175 siradein the Trooper (level 5, -2/42 HPs)
             Began as a Demonspawn Fighter on Aug 20, 2022.
             Succumbed to a scorpion's poison
             ... on level 4 of the Dungeon.
             The game lasted 00:03:57 (2748 turns).

siradein the Trooper (Demonspawn Fighter)           Turns: 2748, Time: 00:03:57

Health: -2/42      AC:  8    Str: 17    XL:     5   Next: 29%
Magic:  5/5        EV: 17    Int: 11    God:
Gold:   197        SH:  4    Dex: 12    Spells: 4/4 levels left

rFire   . . .      SeeInvis .    a - +0 flail
rCold   . . .      Faith    .    c - +0 buckler
rNeg    . . .      Spirit   .    b - +0 scale mail
rPois   .          Reflect  .    (no helmet)
rElec   .          Harm     .    e - +0 cloak
rCorr   .          Rampage  .    (no gloves)
Will    .....                    (no boots)
Stlth   ..........               m - amulet of the acrobat
HPRegen 0.14/turn                y - +4 ring of evasion
MPRegen 0.09/turn                z - +4 ring of evasion

@: lethally poisoned (-2 -> -20)
A: hooves 2, demonic guardian 2
a: no special abilities


You were on level 4 of the Dungeon.
You visited 1 branch of the dungeon, and saw 4 of its levels.

You collected 197 gold pieces.

Inventory:

Hand Weapons
 a - a +0 flail (weapon)
Armour
 b - a +0 scale mail (worn)
 c - a +0 buckler (worn)
 e - a +0 cloak (worn)
Jewellery
 m - an amulet of the acrobat (around neck)
 y - a +4 ring of evasion (left hand)
 z - a +4 ring of evasion (right hand)
Wands
 D - a wand of flame (27)
Scrolls
 j - a scroll of amnesia {unknown}
 k - a scroll of brand weapon {unknown}
 n - a scroll of poison {unknown}
 o - a scroll of teleportation {unknown}
 p - a scroll of silence {unknown}
 q - a scroll of blinking {unknown}
 t - a scroll of enchant armour {unknown}
 u - a scroll of vulnerability {unknown}
 v - a scroll of torment {unknown}
 w - a scroll of fear {unknown}
 C - a scroll of butterflies {unknown}
Potions
 d - a potion of might
 f - 2 potions of magic {unknown}
 g - a potion of degeneration {unknown}
 h - 3 potions of attraction {unknown}
 i - 7 potions of curing {unknown}
 l - a potion of flight {unknown}
 r - 3 potions of brilliance {unknown}
 s - a potion of ambrosia {unknown}
 x - a potion of berserk rage {unknown}
 A - 2 potions of lignification {unknown}
 B - 2 potions of mutation {unknown}
 E - a potion of cancellation {unknown}


   Skills:
 + Level 3.9 Fighting
 + Level 2.8 Maces & Flails
 + Level 3.5 Armour
 + Level 3.5 Shields
 + Level 0.9 Necromancy


You had 4 spell levels left.
You didn't know any spells.
Your spell library contained the following spells:

 Spells                   Type           Power      Damage    Failure   Level
 Animate Dead             Necr           1%         N/A       100%        4
 Haunt                    Necr/Summ      0%         N/A       100%        7
 Infestation              Necr           0%         N/A       100%        8


Dungeon Overview and Level Annotations

Branches:
Dungeon (4/15)
 Temple: D:4-7

Altars:


Innate Abilities, Weirdness & Mutations

You have hoof-like feet.
A demonic guardian rushes to your aid.


Message History

You feel sick. You block the scorpion's attack. The scorpion stings you.
You hit the scorpion but do no damage.
You kick the scorpion, but do no damage.
The scorpion is heavily wounded.
You feel sick. The scorpion barely misses you. The scorpion misses you.
You hit the scorpion.
You kick the scorpion, but do no damage.
The scorpion is heavily wounded.
You feel sick. The scorpion closely misses you.
You hit the scorpion.
You kick the scorpion, but do no damage.
The scorpion is severely wounded.
You feel sick.
You are no longer poisoned.
The scorpion closely misses you. The scorpion stings you.
You barely miss the scorpion.
The scorpion is severely wounded.
The scorpion misses you.
You barely miss the scorpion. Your kick misses the scorpion.
The scorpion is severely wounded.
The scorpion misses you. The scorpion stings you.
You are poisoned.
The scorpion poisons you!
You closely miss the scorpion. You kick the scorpion.
The scorpion is severely wounded.
You feel very sick.
The scorpion stings you but does no damage.
The scorpion stings you.
You are lethally poisoned!
The scorpion poisons you! The scorpion attacks as you move away!
The scorpion stings you.
* * * LOW HITPOINT WARNING * * *
You are more poisoned.
The scorpion poisons you!
* * * LOW HITPOINT WARNING * * *
You feel very sick.
You hit the scorpion but do no damage.
You kick the scorpion, but do no damage.
The scorpion is severely wounded.
You die...

#.#.# #.#.#
#.#.############ ###
#.#.#........... ..
#.#.#........#
######s##.#.#........##..
.. .....#...#....)...'...
#.####..###.##.......##.#
#..........s@............
#..########.###'#######.#
#..#.......[....# #
#..#.######.##..###
#..................
#....######...#####
#..........).......
#............>#####
#..########...#


You could see a scorpion.

Vanquished Creatures
  A jelly (D:4)
  6 adders
  A dart slug (D:1)
  An orc (D:3)
  6 endoplasms
  3 giant cockroaches
  2 goblins
  9 hobgoblins
  7 kobolds
  2 quokkas (D:3)
  6 ball pythons
  7 bats
  4 frilled lizards
  6 rats
61 creatures vanquished.

Vanquished Creatures (collateral kills)
  Ijyb (D:4)
1 creature vanquished.

Grand Total: 62 creatures vanquished

Notes
Turn   | Place    | Note
-------+----------+-------------------------------------------
     0 | D:1      | siradein the Demonspawn Fighter began the quest for the
                  | Orb.
     0 | D:1      | Reached XP level 1. HP: 18/18 MP: 1/1
   113 | D:1      | Found a faded altar of an unknown god.
   344 | D:1      | Gained mutation: You have large cloven feet. [demonic
                  | ancestry]
   344 | D:1      | Reached XP level 2. HP: 10/24 MP: 2/2
  1218 | D:2      | Gained mutation: You have hoof-like feet. [demonic
                  | ancestry]
  1218 | D:2      | Reached XP level 3. HP: 26/29 MP: 3/3
  1390 | D:2      | HP: 1/29 [goblin/+0 dagger (3)]
  1764 | D:2      | Gained mutation: A weak demonic guardian rushes to your
                  | aid. [demonic ancestry]
  1764 | D:2      | Reached XP level 4. HP: 29/35 MP: 4/4
  2563 | D:4      | Gained mutation: A demonic guardian rushes to your aid.
                  | [demonic ancestry]
  2563 | D:4      | Reached XP level 5. HP: 40/42 MP: 5/5
  2600 | D:4      | Noticed Ijyb
  2610 | D:4      | Killed Ijyb
  2748 | D:4      | Succumbed to a scorpion's poison

Illustrated notes

Levels and vault maps discovered:
D:1:      onia_arrival_mini_spirals, layout_basic,
          hellmonk_ecumenical_altar_crossroads, interstate_on_off,
          amcnicky_mini_corridor_feature, dreamdust_princess_corridor,
          skrybe_limestone_x
D:2:      minmay_diamond_boxcup, layout_rooms
D:3:      layout_rooms, minmay_misc_feat_encased, serial_bayou_pond_c,
          mrwooster_statue_mirror
D:4:      layout_basic, serial_shops, nicolae_stop_n_shop_2, uniq_ijyb

Skill      XL: |  1  2 |
---------------+-------+-----
Maces & Flails | 2 |  2.8
Shields        | 3 |  3.5
Armour         | 3 |  3.5
Fighting       | |  3.9
Necromancy     | |  0.9

Action                   |  1- 3 |  4- 6 || total
-------------------------+-------+-------++-------
Melee: Flail             |    90 |    75 ||   165
       Kick              |     6 |    21 ||    27
Armor: Scale mail        |    45 |    17 ||    62
Dodge: Dodged            |    64 |    47 ||   111
Block: Buckler           |    31 |    19 ||    50

Table legend: (Time is in decaauts)
 A = Elapsed time spent in this place.
 B = Non-inter-level travel time spent in this place.
 C = Inter-level travel time spent in this place.
 D = Time resting spent in this place.
 E = Time spent auto-exploring this place.
 F = Levels seen in this place.
 G = Mean time per level.
                   A        B        C        D        E       F      G
               +--------+--------+--------+--------+--------+-----+--------+
         Total |   2804 |   2739 |     65 |      0 |   2302 |   4 |  701.0 |
       Dungeon |   2804 |   2739 |     65 |      0 |   2302 |   4 |  701.0 |
               +--------+--------+--------+--------+--------+-----+--------+

Top non-repeatable levels by time:
     D:1: 1067 daAuts
     D:2: 1016 daAuts
     D:3: 511 daAuts
     D:4: 208 daAuts
